 Dungeon Crawl Stone Soup version 0.28-a0-969-g2dcde036d2 (webtiles) character file.

Game seed: 5426854613795776670

261 Decritt the Skirmisher (level 6, -7/49 HPs)
             Began as a Djinni Hedge Wizard on Dec 1, 2021.
             Mangled by an iguana (9 damage)
             ... on level 3 of the Dungeon.
             The game lasted 00:14:47 (5179 turns).

Decritt the Skirmisher (Djinni Hedge Wizard)        Turns: 5179, Time: 00:14:48

Health: -7/49      AC:  5    Str:  9    XL:     6   Next: 42%
Gold:   121        EV: 12    Int: 21    God:
                   SH:  0    Dex: 12

rFire   + + .      SeeInvis .   d - +3 dagger
rCold   x . .      Faith    .   (no shield)
rNeg    . . .      Spirit   .   b - +0 robe
rPois   ∞          Reflect  .   j - +2 helmet {Int+3}
rElec   .          Harm     .   (no cloak)
rCorr   .          Rampage  .   (no gloves)
Will    .....                   (boots unavailable)
Stlth   ++........              (no amulet)
HPRegen 0.16/turn               (no ring)
MPRegen 0.00/turn               (no ring)

@: flying
A: sickness immunity, fire resistance 2, cold vulnerability 1, float, innate
caster, hp casting, extra vitality 1
a: no special abilities


You were on level 3 of the Dungeon.
You visited 1 branch of the dungeon, and saw 4 of its levels.

You collected 121 gold pieces.

Inventory:

Hand Weapons
 a - a +0 dagger
 d - a +3 dagger (weapon)
Armour
 b - a +0 robe (worn)
 c - a +0 hat
 j - a +2 helmet of intelligence (worn)
 l - a +0 leather armour
Magical Staves
 m - a staff of death
Wands
 p - a wand of flame (20)
Scrolls
 e - a scroll of fear {unknown}
 f - 4 scrolls of identify {unknown}
 k - a scroll of acquirement {unknown}
 o - a scroll of immolation {unknown}
 q - a scroll of fog {unknown}
Potions
 g - a potion of cancellation {unknown}
 h - a potion of haste {unknown}
 i - a potion of heal wounds
 n - 2 potions of curing {unknown}


   Skills:
 * Level 5.1 Fighting
 + Level 2.2 Dodging
 - Level 1.5 Stealth
 + Level 3.2 Spellcasting


You couldn't memorise any spells.
You knew the following spells:

 Your Spells              Type           Power      Damage    Failure   Level
a - Magic Dart            Conj           68%        1d6       3%          1
b - Call Imp              Summ           17%        N/A       5%          2
c - Pain                  Necr           68%        1d7       3%          1
d - Slow                  Hex            68%        N/A       3%          1
e - Conjure Flame         Conj/Fire      17%        6-21      11%         3
f - Mephitic Cloud        Conj/Pois/Air  17%        N/A       11%         3
g - Blink                 Tloc           34%        N/A       5%          2
h - Wereblood             Tmut           17%        N/A       5%          2
Your spell library was empty.

Dungeon Overview and Level Annotations

Branches:
Dungeon (4/15)
 Temple: D:4-7

Altars:
Elyvilon


Innate Abilities, Weirdness & Mutations

You are immune to sickness and miasma.
You are immune to poison.
Your flesh is very heat resistant. (rF++)
You are vulnerable to cold. (rC-)
You float through the air rather than walking.
You learn spells naturally, not from books.
Your magical power is your life essence.
You have superior vitality. (+4 HP)


Message History

Aiming: Magic Dart (safe; 3% risk of failure)
Press: ? - help, Shift-Dir - straight line, f/p - iguana
Aim: an iguana (lightly wounded, ally target, 100% to hit)
The magic dart hits the iguana but does no damage.
The iguana is lightly wounded.
* * * LOW HITPOINT WARNING * * *
Your crimson imp hits the iguana but does no damage.
The iguana barely misses you.
Casting: Magic Dart (safe; 3% risk of failure)
Confirm with . or Enter, or press ? or * to list all spells.
Aiming: Magic Dart (safe; 3% risk of failure)
Press: ? - help, Shift-Dir - straight line, f/p - iguana
Aim: an iguana (lightly wounded, ally target, 100% to hit)
The magic dart hits the iguana.
The iguana is moderately wounded.
* * * LOW HITPOINT WARNING * * *
Your crimson imp blinks!
The iguana bites you!
* * * LOW HITPOINT WARNING * * *
You hit the iguana.
The iguana is heavily wounded.
Your crimson imp blinks!
The iguana closely misses you.
You hit the iguana but do no damage.
The iguana is heavily wounded.
The iguana bites you but does no damage.
You hit the iguana but do no damage.
The iguana is heavily wounded.
The iguana bites you.
* * * LOW HITPOINT WARNING * * *
Your crimson imp hits the iguana but does no damage.
You hit the iguana.
The iguana is severely wounded.
The iguana bites you!
* * * LOW HITPOINT WARNING * * *
Your crimson imp barely misses the iguana.
You closely miss the iguana.
The iguana is severely wounded.
The iguana bites you!
You die...

#............♣♣.♣
#########.#.####....#♣..♣
..........#...##....#♣..♣
..####....###..#....#♣♣.♣
#.........####..........#
######.##..###.........##
##..###..............#
####>.## ###............#
.....#######..5l@.......#
####......###.<........##
##...........(...#...##
#.§........#.)..######
##...............###
............###....#
##..........# ##.#.##
............####.#..##
###...........##.##..##


You could see an iguana (ally target) and a friendly crimson imp (summoned).

Vanquished Creatures
  Jessica (D:3)
  Natasha (twice) (D:3)
  A gnoll (D:3)
  4 adders (D:2)
  2 worms
  A dart slug (D:1)
  5 orcs (D:3)
  9 ball pythons
  4 endoplasms
  A giant cockroach (D:3)
  5 goblins
  7 hobgoblins
  A jackal (D:3)
  3 quokkas
  6 bats
  2 frilled lizards
  5 kobolds
  4 rats
63 creatures vanquished.

Vanquished Creatures (collateral kills)
  Natasha (D:3)
  3 gnolls
  2 orcs (D:3)
  2 bats (D:3)
  A hobgoblin (D:3)
  A jackal (D:3)
10 creatures vanquished.

Grand Total: 73 creatures vanquished

Notes
Turn   | Place    | Note
-------+----------+-------------------------------------------
     0 | D:1      | Decritt the Djinni Hedge Wizard began the quest for the
                  | Orb.
     0 | D:1      | Reached XP level 1. HP: 15/15 MP: 0/0
   148 | D:1      | Reached skill level 1 in Fighting
   568 | D:1      | Reached XP level 2. HP: 19/22 MP: 0/0
   796 | D:1      | Reached skill level 2 in Fighting
  1017 | D:1      | Reached XP level 3. HP: 27/29 MP: 0/0
  1017 | D:1      | Learned a level 1 spell: Pain
  1820 | D:2      | Reached skill level 3 in Fighting
  1891 | D:2      | Reached XP level 4. HP: 31/35 MP: 0/0
  3391 | D:3      | Reached XP level 5. HP: 34/41 MP: 0/0
  3391 | D:3      | Learned a level 2 spell: Wereblood
  3713 | D:3      | Found a white marble altar of Elyvilon.
  3831 | D:3      | Noticed Jessica
  3847 | D:3      | Killed Jessica
  3848 | D:3      | Reached skill level 4 in Fighting
  3951 | D:3      | Noticed Natasha
  3957 | D:3      | Killed Natasha
  3967 | D:3      | Noticed Natasha
  3997 | D:3      | Killed Natasha
  4076 | D:3      | Noticed Natasha
  4140 | D:3      | Reached XP level 6. HP: 45/48 MP: 0/0
  4169 | D:3      | Killed Natasha
  4606 | D:3      | Reached skill level 5 in Fighting
  5178 | D:3      | HP: 2/49 [iguana (8)]
  5179 | D:3      | Mangled by an iguana

Illustrated notes

Levels and vault maps discovered:
D:1:      dpeg_arrival_round_c, layout_basic, minmay_misc_feat_five,
          corexii_leaking_fountain
D:2:      layout_basic
D:3:      layout_rooms, nicolae_overflow_crystal_walls,
          nicolae_overflow_hidden_temple, serial_forest,
          infiniplex_forest_lined_corner, infiniplex_forest_clump_tiny,
          infiniplex_forest_straight_4, infiniplex_forest_lined_3,
          infiniplex_forest_clump_double, infiniplex_forest_clump_curved,
          infiniplex_forest_clump_long, uniq_natasha, uniq_jessica
D:4:      minmay_wonky_spiral, layout_rooms, grunt_temple_overflow_open,
          mainiacjoe_overflow_divided_tiny, general_overflow_altar,
          mainiacjoe_overflow_two_lobes, minmay_temple_entry_statues_fountains,
          uniq_edmund

Skill      XL: |  1  2  3  4  5  6 |
---------------+-------------------+-----
Fighting       | 1 2 3 4 5 |  5.1
Spellcasting   | 3 |  3.2
Dodging        | |  2.2
Stealth        | |  1.5

Action                   |  1- 3 |  4- 6 || total
-------------------------+-------+-------++-------
Melee: Dagger            |       |    26 ||    26
       Staff             |       |     6 ||     6
 Cast: Magic Dart        |    66 |   126 ||   192
       Pain              |       |    13 ||    13
       Call Imp          |       |    15 ||    15
  Use: Potion            |       |     2 ||     2
Armor: Robe              |       |    20 ||    20
Dodge: Dodged            |     2 |    26 ||    28

Table legend: (Time is in decaauts)
 A = Elapsed time spent in this place.
 B = Non-inter-level travel time spent in this place.
 C = Inter-level travel time spent in this place.
 D = Time resting spent in this place.
 E = Time spent auto-exploring this place.
 F = Levels seen in this place.
 G = Mean time per level.
                   A        B        C        D        E       F      G
               +--------+--------+--------+--------+--------+-----+--------+
         Total |   5180 |   5095 |     85 |   1752 |   2686 |   4 | 1295.0 |
       Dungeon |   5180 |   5095 |     85 |   1752 |   2686 |   4 | 1295.0 |
               +--------+--------+--------+--------+--------+-----+--------+

Top non-repeatable levels by time:
     D:2: 1820 daAuts
     D:3: 1685 daAuts
     D:1: 1595 daAuts
     D:4: 78 daAuts
